 Dungeon Crawl Stone Soup version 0.30-a0-719-gcc4359ea44 (webtiles) character file.

Game seed: 8522993431114568968

60 Arximoufas the Cutter (level 3, -1/27 HPs)
             Began as a Demonspawn Warper on Jan 26, 2023.
             Slain by an orc
             ... wielding a +0 mace
              (4 damage)
             ... on level 3 of the Dungeon.
             The game lasted 00:08:20 (3210 turns).

Arximoufas the Cutter (Demonspawn Warper)           Turns: 3210, Time: 00:08:21

Health: -1/27      AC:  5    Str: 11    XL:     3   Next: 82%
Magic:  6/6        EV: 11    Int: 16    God:
Gold:   153        SH:  0    Dex: 12    Spells: 4/6 levels left

rFire   . . .      SeeInvis .    p - +3 dagger
rCold   . . .      Faith    .    (no shield)
rNeg    . . .      Spirit   .    b - +0 leather armour
rPois   .          Reflect  .    (no helmet)
rElec   .          Harm     .    a - +0 cloak {Will+}
rCorr   .          Rampage  .    (no gloves)
Will    +....                    n - +0 pair of boots
Stlth   ++                       (no amulet)
HPRegen 0.24/turn                (no ring)
MPRegen 0.20/turn                (no ring)

@: no status effects
A: magic regeneration
a: no special abilities


You were on level 3 of the Dungeon.
You visited 1 branch of the dungeon, and saw 3 of its levels.

You collected 153 gold pieces.

Inventory:

Hand Weapons
 i - a +0 hand axe of flaming
 p - a +3 dagger (weapon)
Missiles
 d - 7 boomerangs of dispersal (quivered)
Armour
 a - a +0 cloak of willpower (worn)
 b - a +0 leather armour (worn)
 n - a +0 pair of boots (worn)
Jewellery
 h - a ring of fire
Wands
 t - a wand of paralysis (3)
Scrolls
 f - a scroll of identify {unknown}
 g - a scroll of magic mapping {unknown}
 j - 2 scrolls of teleportation {unknown}
 k - a scroll of silence {unknown}
 l - a scroll of brand weapon {unknown}
 o - a scroll of immolation {unknown}
 q - a scroll of fog {unknown}
 r - a scroll of amnesia {unknown}
Potions
 e - 4 potions of might {unknown}
 m - a potion of lignification {unknown}
 s - 2 potions of heal wounds {unknown}


   Skills:
 - Level 2.0 Fighting
 * Level 3.2 Short Blades
 - Level 0.8 Throwing
 - Level 0.8 Armour
 - Level 1.7 Dodging
 + Level 1.7 Stealth
 - Level 2.0 Spellcasting
 + Level 2.8 Translocations


You had 4 spell levels left.
You knew the following spells:

 Your Spells              Type           Power      Damage    Failure   Level
a - Blink                 Tloc           20%        N/A       13%         2

Your spell library contained the following spells:

 Spells                   Type           Power      Damage    Failure   Level
 Lesser Beckoning         Tloc           20%        N/A       13%         2
 Teleport Other           Tloc           10%        N/A       26%         3
 Vhi's Electric Charge    Tloc/Air       12%        N/A       43%         3
 Manifold Assault         Tloc           10%        N/A       65%         4


Dungeon Overview and Level Annotations

Branches:
Dungeon (3/15)

Altars:
Ashenzari
Fedhas
Kikubaaqudgha
Makhleb
Yredelemnul

Shops:
D:1 ?


Innate Abilities, Weirdness & Mutations

You regenerate magic rapidly.


Message History

You see here a +0 hand axe.
The orc priest mumbles some strange prayers to Beogh against you.
Pain shoots through your body!
You see here a +0 hand axe.
You hit the orc priest.
The orc priest is moderately wounded.
The orc priest miscasts a cantrip.
You hit the orc priest.
The orc priest is moderately wounded.
The orc priest hits you with a +0 morningstar.
You closely miss the orc priest.
The orc priest is moderately wounded.
The orc priest barely misses you.
You closely miss the orc priest.
The orc priest is moderately wounded.
The orc priest barely misses you.
The orc shouts!
You hit the orc priest.
The orc priest is moderately wounded.
The orc priest hits you with a +0 morningstar.
You hit the orc priest.
The orc priest is severely wounded.
The orc priest hits you with a +0 morningstar.
You hit the orc priest.
The orc priest is severely wounded.
You hit the orc priest.
The orc priest is almost dead.
The orc priest closely misses you.
You closely miss the orc priest.
The orc priest is almost dead.
The orc priest mumbles some strange prayers to Beogh against you.
You resist with significant effort. The orc closely misses you.
You hit the orc priest but do no damage.
The orc priest is almost dead.
The orc priest calls down the wrath of Beogh upon you.
Pain shoots through your body!
Ouch! That really hurt!
* * * LOW HITPOINT WARNING * * *
The orc hits you with a +0 mace.
You die...

##########.....## #8..
#........#......########..
#........'............##..
#........#.......####.##..
#........#.....#......#8..
#........############.##..
#........# #.##..
#.......o######## #.##.[
#..>....o@......# #.##..
#####.##........# ###.###.
#.##......).# #...# #.
#.##........# #.### #.
#.##........# #.# ##
#.##........# #.# #
#...........###.## #
#................#####
#...##8..8##..........


You could see an orc priest and an orc.

Vanquished Creatures
  A dart slug (D:2)
  3 orcs (D:3)
  4 ball pythons
  5 endoplasms
  A giant cockroach (D:1)
  5 goblins
  10 hobgoblins
  5 kobolds
  2 quokkas
  5 bats
  2 frilled lizards (D:1)
  4 rats
47 creatures vanquished.

Vanquished Creatures (others)
  A plant (D:2)
1 creature vanquished.

Grand Total: 48 creatures vanquished

Notes
Turn   | Place    | Note
-------+----------+-------------------------------------------
     0 | D:1      | Arximoufas the Demonspawn Warper began the quest for the
                  | Orb.
     0 | D:1      | Reached XP level 1. HP: 16/16 MP: 3/3
    99 | D:1      | Found Kale's Magic Scroll Shop.
   156 | D:1      | Reached skill level 2 in Short Blades
   635 | D:1      | Gained mutation: You regenerate magic rapidly. [demonic
                  | ancestry]
   635 | D:1      | Reached XP level 2. HP: 22/22 MP: 5/5
   732 | D:1      | Reached skill level 1 in Stealth
  1258 | D:2      | Reached XP level 3. HP: 27/27 MP: 6/6
  1568 | D:2      | Reached skill level 3 in Short Blades
  2093 | D:3      | Found a broken altar of Ashenzari.
  2093 | D:3      | Found a blossoming altar of Fedhas.
  2558 | D:2      | Learned a level 2 spell: Blink
  2826 | D:3      | Found a basalt altar of Yredelemnul.
  2962 | D:3      | Found an ancient bone altar of Kikubaaqudgha.
  2962 | D:3      | Found a burning altar of Makhleb.
  3210 | D:3      | Slain by an orc

Illustrated notes

Levels and vault maps discovered:
D:1:      nagdon_arrival_double_spiral, layout_loops_corners,
          serial_co_window_serial, co_window_paths_b,
          co_window_of_opportunity_a, co_window_paths_a, co_window_corner_a,
          co_window_corner_a, co_window_unsneaky_path_a, co_window_corner_b,
          co_window_unsneaky_path_a, glass_columns_a, glass_columns_a,
          serial_shops, nicolae_shop_behind_doors
D:2:      layout_basic, serial_bayou, serial_bayou_lagoon_a,
          serial_bayou_lagoon_b, serial_bayou_crossing, serial_bayou_ford_a
D:3:      layout_basic, mainiacjoe_overflow_chevrons,
          nicolae_overflow_hidden_temple, minitemple, serial_corexii_hall,
          corexii_hall_statues_x, corexii_hall_statues_l

Skill      XL: |  1  2  3 |
---------------+----------+-----
Short Blades   | 2 3 |  3.2
Stealth        | 1 |  1.7
Fighting       | |  2.0
Throwing       | |  0.8
Armour         | |  0.8
Dodging        | |  1.7
Spellcasting   | |  2.0
Translocations | |  2.8

Action                     || total
---------------------------++-------
  Melee: Short sword       ||    98
         Punch             ||     2
         Dagger            ||    87
   Cast: Blink             ||     1
    Use: Scroll            ||     2
   Stab: Sleeping          ||     5
 Armour: Leather armour    ||    34
  Dodge: Dodged            ||    78

Table legend: (Time is in decaauts)
 A = Elapsed time spent in this place.
 B = Non-inter-level travel time spent in this place.
 C = Inter-level travel time spent in this place.
 D = Time resting spent in this place.
 E = Time spent auto-exploring this place.
 F = Levels seen in this place.
 G = Mean time per level.
                   A        B        C        D        E       F      G
               +--------+--------+--------+--------+--------+-----+--------+
         Total |   3242 |   3161 |     81 |    251 |   2335 |   3 | 1080.7 |
       Dungeon |   3242 |   3161 |     81 |    251 |   2335 |   3 | 1080.7 |
               +--------+--------+--------+--------+--------+-----+--------+

Top non-repeatable levels by time:
     D:1: 1245 daAuts
     D:3: 1082 daAuts
     D:2: 914 daAuts
